 Dungeon Crawl Stone Soup version 0.30-a0-23-ge60ba3568b (webtiles) character file.

Game seed: 6872548237603490568

51 snarfax the Chopper (level 3, -2/33 HPs)
             Began as a Minotaur Monk on Aug 25, 2022.
             Slain by Terence
             ... wielding a +0 mace
              (5 damage)
             ... on level 2 of the Dungeon.
             The game lasted 00:02:08 (1195 turns).

snarfax the Chopper (Minotaur Monk)                 Turns: 1195, Time: 00:02:08

Health: -2/33      AC:  6    Str: 17    XL:     3   Next: 58%
Magic:  2/2        EV: 10    Int:  7    God:
Gold:   24         SH:  0    Dex: 12    Spells: 2/2 levels left

rFire   . . .      SeeInvis .    a - +0 hand axe
rCold   . . .      Faith    .    (no shield)
rNeg    . . .      Spirit   .    f - +0 scale mail
rPois   .          Reflect  .    (helmet restricted)
rElec   .          Harm     .    (no cloak)
rCorr   .          Rampage  .    (no gloves)
Will    .....                    (no boots)
Stlth   ..........               (no amulet)
HPRegen 0.11/turn                (no ring)
MPRegen 0.08/turn                (no ring)

@: no status effects
A: horns 2, retaliatory headbutt
a: no special abilities


You were on level 2 of the Dungeon.
You visited 1 branch of the dungeon, and saw 2 of its levels.

You collected 24 gold pieces.

Inventory:

Hand Weapons
 a - a +0 hand axe (weapon)
Armour
 b - a +0 robe
 f - a +0 scale mail (worn)
Jewellery
 e - a ring of poison resistance
Scrolls
 d - a scroll of silence {unknown}
Potions
 c - a potion of ambrosia
 g - a potion of degeneration {unknown}
 i - a potion of curing {unknown}


   Skills:
 + Level 4.2 Fighting
 * Level 4.7 Axes
 + Level 1.5 Armour
 - Level 3.2 Dodging
 - Level 1.5 Stealth


You had 2 spell levels left.
You didn't know any spells.
Your spell library was empty.

Dungeon Overview and Level Annotations

Branches:
Dungeon (2/15)

Altars:

Shops:
D:1 (

Annotations:
D:2 Terence


Innate Abilities, Weirdness & Mutations

You have a pair of horns on your head.
You reflexively headbutt those who attack you in melee.


Message History

Terence is heavily wounded.
Terence hits you with a +0 mace.
You hit Terence.
Terence is severely wounded.
Terence hits you but does no damage.
You hit Terence. You headbutt Terence, but do no damage.
Terence is severely wounded.
Terence hits you with a +0 mace.
You hit Terence but do no damage.
Terence is severely wounded.
Terence closely misses you.
You hit Terence but do no damage.
Terence is severely wounded.
Terence hits you with a +0 mace.
You closely miss Terence.
Terence is severely wounded.
Terence hits you with a +0 mace!
You barely miss Terence.
Terence is severely wounded.
Terence hits you but does no damage. Terence attacks as you move away!
Terence hits you with a +0 mace.
* * * LOW HITPOINT WARNING * * *
Throw: dart (atropa)
Press: ? - help, Q - select action Shift-Dir - straight line, f/p - Terence
Aim: Terence, wielding a +0 mace and wearing a +0 chain mail (severely wounded, 67% to hit, chance to blind on hit: 100%)
You throw an atropa-tipped dart.
The atropa-tipped dart barely misses Terence.
Terence hits you with a +0 mace.
* * * LOW HITPOINT WARNING * * *
You hit Terence but do no damage. Your headbutt misses Terence.
Terence is severely wounded.
Terence hits you with a +0 mace.
* * * LOW HITPOINT WARNING * * *
You hit Terence. Your headbutt misses Terence.
Terence is almost dead.
Terence closely misses you. You furiously retaliate!
You headbutt Terence. You closely miss Terence. Your headbutt misses Terence.
Terence is almost dead.
Terence hits you with a +0 mace.
You die...

##.....## ####.##
##.......##
##.....
###.........#
##.....
..'....)....+
.....
###.........# ...#
##.......## #(.#
##.....##
##..##.#.# ##...##
#@.......# ##'##
#@#......# #.#
#.######## #.# #.#
#######.## #.#
....##...## #.#
....#.....# #.#
....##...#######.#
....##.#....(....#
....###.##########


You could see Terence.

Vanquished Creatures
  2 adders (D:2)
  2 dart slugs (D:2)
  A bat (D:1)
  5 endoplasms (D:1)
  2 giant cockroaches (D:1)
  4 goblins
  3 hobgoblins
  3 kobolds (D:1)
  A quokka (D:1)
  A ball python (D:1)
  A frilled lizard (D:1)
25 creatures vanquished.

Notes
Turn   | Place    | Note
-------+----------+-------------------------------------------
     0 | D:1      | snarfax the Minotaur Monk began the quest for the Orb.
     0 | D:1      | Reached XP level 1. HP: 19/19 MP: 0/0
   126 | D:1      | Reached XP level 2. HP: 18/27 MP: 1/1
   478 | D:1      | Found Hoggomp's Weapon Shoppe.
   485 | D:1      | Reached skill level 1 in Armour
   994 | D:2      | Reached XP level 3. HP: 28/33 MP: 2/2
  1173 | D:2      | Noticed Terence
  1195 | D:2      | Slain by Terence

Illustrated notes

Levels and vault maps discovered:
D:1:      minmay_arrival_three_doors, layout_basic, serial_corexii_hall,
          corexii_hall_statues_l, corexii_hall_statues_t, serial_shops,
          nicolae_shop_bloodbath_and_beyond
D:2:      layout_loops_corners, basic_altar, uniq_terence

Skill      XL: |  1  2 |
---------------+-------+-----
Axes           | 4 |  4.7
Armour         | 1 |  1.5
Fighting       | 4 |  4.2
Dodging        | |  3.2
Stealth        | |  1.5

Action                   || total
-------------------------++-------
Melee: Hand axe          ||    72
       Headbutt          ||    12
Throw: Dart              ||     2
Armor: Scale mail        ||    24
       Robe              ||     1
Dodge: Dodged            ||    37

Table legend: (Time is in decaauts)
 A = Elapsed time spent in this place.
 B = Non-inter-level travel time spent in this place.
 C = Inter-level travel time spent in this place.
 D = Time resting spent in this place.
 E = Time spent auto-exploring this place.
 F = Levels seen in this place.
 G = Mean time per level.
                   A        B        C        D        E       F      G
               +--------+--------+--------+--------+--------+-----+--------+
         Total |   1200 |   1142 |     58 |      0 |    963 |   2 |  600.0 |
       Dungeon |   1200 |   1142 |     58 |      0 |    963 |   2 |  600.0 |
               +--------+--------+--------+--------+--------+-----+--------+

Top non-repeatable levels by time:
     D:1: 959 daAuts
     D:2: 240 daAuts
